 Dungeon Crawl Stone Soup version 0.28-a0-48-gfd831c5874 (webtiles) character file.

Game seed: 13704000781159830269

32 lessens the Sneak (level 3, -1/29 HPs)
             Began as a Human Delver on July 29, 2021.
             Slain by a centaur (3 damage)
             ... on level 5 of the Dungeon.
             The game lasted 00:01:16 (348 turns).

lessens the Sneak (Human Delver)                     Turns: 348, Time: 00:01:17

Health: -1/29      AC:  3    Str: 13    XL:     3   Next: 45%
Magic:  3/3        EV: 12    Int: 10    God:
Gold:   24         SH:  0    Dex: 14    Spells: 2/2 levels left

rFire   . . .      SeeInvis .   a - +0 spear
rCold   . . .      Faith    .   (no shield)
rNeg    . . .      Spirit   .   b - +0 leather armour
rPois   .          Reflect  .   (no helmet)
rElec   .          Harm     .   (no cloak)
rCorr   .          Rampage  .   (no gloves)
Will    .....                   (no boots)
Stlth   +++.......              (no amulet)
HPRegen 0.09/turn               (no ring)
MPRegen 0.08/turn               (no ring)

@: no status effects
A: no striking features
a: no special abilities


You were on level 5 of the Dungeon.
You visited 1 branch of the dungeon, and saw 2 of its levels.

You collected 24 gold pieces.

Inventory:

Hand Weapons
 a - a +0 spear (weapon)
Missiles
 h - 7 stones (quivered)
Armour
 b - a +0 leather armour (worn)
Wands
 g - a wand of digging (3)
Scrolls
 c - a scroll of fog
 d - a scroll of magic mapping
 e - a scroll of fear
Potions
 f - a potion of haste


   Skills:
 + Level 3.3 Fighting
 + Level 2.4 Polearms
 + Level 2.4 Dodging
 + Level 5.2 Stealth


You had 2 spell levels left.
You didn't know any spells.
Your spell library was empty.

Dungeon Overview and Level Annotations

Branches:
Dungeon (5/15)
 Temple: D:4-7

Altars:


Message History

2 jackals, an orc and a centaur come into view.
Found a rapier and 2 green potions.
There is a stone staircase leading up here.
Unknown command.
Unknown command.
Unknown command.
The centaur shouts!
The centaur wields a +0 shortbow.
The centaur shoots an arrow.
The arrow completely misses you.
You hit the centaur.
The centaur is moderately wounded.
A jackal comes into view.
The centaur unwields a +0 shortbow.
The centaur barely misses you. x2
A jackal comes into view.
The jackal barks!
You hit the centaur but do no damage.
The centaur is moderately wounded.
The centaur hits you. The centaur kicks you.
The orc shouts!
You hit the centaur but do no damage.
The centaur is moderately wounded.
The centaur hits you. The centaur barely misses you.
The jackal closely misses you. The centaur hits you.
* * * LOW HITPOINT WARNING * * *
The centaur kicks you.
* * * LOW HITPOINT WARNING * * *
You hit the centaur.
The centaur is heavily wounded.
The jackal closely misses you. The centaur hits you.
* * * LOW HITPOINT WARNING * * *
The centaur closely misses you. The jackal barely misses you.
A giant cockroach comes into view.
You hit the centaur but do no damage.
The centaur is heavily wounded.
The centaur misses you. The centaur barely misses you.
The jackal bites you but does no damage.
The centaur hits you.
* * * LOW HITPOINT WARNING * * *
The centaur kicks you.
You die...

....##........
.............#
.............#
##...........##
≈B..o.........##
≈...#....8......
≈.....h........
#########.).8.hh..#
....#..........h@c.#
#..#.............8.#
...#....#.........##
....... .........##
.##..# ........##
..#..###.......!.
........#...###..
............###.
#.##.......>....


You could see a centaur, an orc, 4 jackals and a giant cockroach.

Vanquished Creatures
  A hound (D:4)
  An adder skeleton (D:4)
  2 ball pythons (D:4)
4 creatures vanquished.

Notes
Turn   | Place    | Note
-------+----------+-------------------------------------------
     0 | D:5      | lessens the Human Delver began the quest for the Orb.
     0 | D:5      | Reached XP level 1. HP: 18/18 MP: 1/1
    24 | D:4      | Noticed a hound
    33 | D:4      | Killed a hound
    34 | D:4      | Reached XP level 2. HP: 14/24 MP: 2/2
    34 | D:4      | Reached XP level 3. HP: 17/29 MP: 3/3
   195 | D:4      | Noticed a necrophage
   342 | D:5      | Noticed a centaur
   348 | D:5      | Slain by a centaur

Illustrated notes

Levels and vault maps discovered:
D:4:      layout_basic, uniq_grinder
D:5:      layout_cave_pools, tso_metal_star, minmay_temple_entry_offerings,
          portal_sewer_entry_f, minivault_14, grunt_ministairs_1,
          hellmonk_bongcloud_opening, moated_statue,
          minmay_fractal_squares_gapless_5, uniq_pikel

Action                   || total
-------------------------++-------
Melee: Spear             ||    33
Throw: Stone             ||     3
 Stab: Sleeping          ||     1
Armor: Leather armour    ||     4
Dodge: Dodged            ||    28

Table legend: (Time is in decaauts)
 A = Elapsed time spent in this place.
 B = Non-inter-level travel time spent in this place.
 C = Inter-level travel time spent in this place.
 D = Time resting spent in this place.
 E = Time spent auto-exploring this place.
 F = Levels seen in this place.
 G = Mean time per level.
                   A        B        C        D        E       F      G
               +--------+--------+--------+--------+--------+-----+--------+
         Total |    347 |    347 |      0 |    125 |      0 |   2 |  173.5 |
       Dungeon |    347 |    347 |      0 |    125 |      0 |   2 |  173.5 |
               +--------+--------+--------+--------+--------+-----+--------+

Top non-repeatable levels by time:
     D:4: 317 daAuts
     D:5: 30 daAuts
